 Dungeon Crawl Stone Soup version 0.20.1-1-g8b1a95d (webtiles) character file.

40959 LarsimusPrime the Severer (level 13, 0/119 HPs)
             Began as a Minotaur Berserker on Sept 21, 2017.
             Was a High Priest of Trog.
             Slain by a swamp worm (13 damage)
             ... on level 3 of the Swamp.
             The game lasted 01:29:02 (16647 turns).

LarsimusPrime the Severer (Minotaur Berserker)     Turns: 16647, Time: 01:29:03

Health: 0/119      AC: 21    Str: 33    XL:     13   Next: 77%
Magic:  12/12      EV: 10    Int:  4    God:    Trog [*****.]
Gold:   505        SH: 22    Dex: 16    Spells: 12/12 levels left

rFire    x . .     SeeInvis +   D - +9 war axe of Tortfeasance {pain, rElec MR+ SInv}
rCold    + . .     Gourm    +   A - +2 large shield {rPois}
rNeg     . . .     Faith    .   X - +6 chain mail "Weuwnor" {rC+}
rPois    +         Spirit   .   (helmet unavailable)
rElec    +         Reflect  .   (no cloak)
rCorr    .         Harm     .   x - +0 pair of gloves
MR       +....                  E - +0 pair of boots
Stlth    ..........             b - amulet of the gourmand
Regen    0.3/turn               T - ring "Hasteonn" {rF- Str+9 Dex-3}
MPRegen  0.2/turn               O - ring of Zehuitod {Dex+6 Slay+2}

@: very slow
A: retaliatory headbutt, horns 3, evolution 1
a: Berserk, Trog's Hand, Brothers in Arms, Burn Spellbooks, Renounce Religion


You were on level 3 of the Swamp.
You worshipped Trog.
Trog was extremely pleased with you.
You were full.

You visited 3 branches of the dungeon, and saw 19 of its levels.
You also visited: Sewer.

You collected 985 gold pieces.
You spent 480 gold pieces at shops.

Inventory:

Hand Weapons
 m - a +1 war axe of flaming
 p - a +4 antimagic executioner's axe
 D - the +9 war axe of Tortfeasance (weapon) {pain, rElec MR+ SInv}
   (You found it on level 10 of the Dungeon)

   In the hands of one skilled in necromantic magic, it inflicts extra damage on
   living creatures.
   It insulates you from electricity.
   It affects your resistance to hostile enchantments.
   It lets you see invisible.
 P - a +5 battleaxe of protection
Missiles
 i - 11 javelins
 n - 7 poisoned javelins (quivered)
 r - 3 silver javelins
 N - 12 tomahawks
Armour
 x - a +0 pair of gloves (worn)
 A - a +2 large shield of poison resistance (worn)
 E - a +0 pair of boots (worn)
 J - +0 swamp dragon scales
 S - a +0 hat
 X - the +6 chain mail "Weuwnor" (worn) {rC+}
   (You found it on level 12 of the Dungeon)

   It protects you from cold.
Jewellery
 b - an amulet of the gourmand (around neck)
 l - an uncursed amulet of regeneration
 s - an uncursed ring of positive energy
 y - an uncursed ring of fire
 M - an uncursed ring of resist corrosion
 O - the ring of Zehuitod (right hand) {Dex+6 Slay+2}
   (You found it on level 1 of the Swamp)

   [ring of dexterity]

   It affects your dexterity (+6).
   It affects your accuracy and damage with ranged weapons and melee attacks
   (+2).
 T - the ring "Hasteonn" (left hand) {rF- Str+9 Dex-3}
   (You found it on level 12 of the Dungeon)

   [ring of dexterity]

   It affects your strength (+9).
   It affects your dexterity (-3).
   It makes you vulnerable to fire.
 V - an uncursed amulet of guardian spirit {unknown}
Wands
 q - a wand of lightning (8/15)
 H - a wand of acid (7/15)
Scrolls
 f - 6 scrolls of remove curse
 h - 5 scrolls of identify
 k - a scroll of fog
 o - 5 scrolls of enchant weapon
 u - a scroll of magic mapping
 B - a scroll of silence {unknown}
 G - 2 scrolls of fear
 L - 3 scrolls of enchant armour
Potions
 d - 4 potions of haste
 g - 4 potions of curing
 t - a potion of heal wounds
 w - 4 potions of might
 C - a potion of berserk rage
 I - 7 potions of flight
 K - a potion of magic
 R - 3 potions of invisibility
 U - a potion of brilliance
 Z - 3 potions of agility
Miscellaneous
 e - a box of beasts
 F - a lightning rod (4/4)
Comestibles
 a - 13 fruits
 c - 5 bread rations
 j - 9 meat rations
 z - 14 royal jellies


   Skills:
 + Level 12.8 Fighting
   Level 1.0 Long Blades
 + Level 16.5 Axes
 * Level 6.3 Throwing
 + Level 12.8 Armour
 + Level 6.0 Dodging
 - Level 0.1 Stealth
 + Level 11.0 Shields


You had 12 spell levels left.
You didn't know any spells.

Dungeon Overview and Level Annotations

Branches:
Dungeon (12/15)            Temple (0/1) D:6            Lair (3/6) D:11
  Swamp (4/4) Lair:2          Orc (0/2) D:10
  Snake: Lair:2-4    Spider: Lair:2-4

Altars:
Ashenzari
Cheibriados
Elyvilon
Fedhas
Gozag
Ru
Sif Muna
Yredelemnul
Zin
The Shining One
Beogh

Shops:
D:9 =

Annotations:
Swamp:3 Azo's ghost, adept SpEE


Innate Abilities, Weirdness & Mutations

You reflexively headbutt those who attack you in melee.
You have a pair of large horns on your head.
You evolve.


Message History

Moving in this stuff is going to be slow.
Your surroundings suddenly seem different.
A swamp worm comes into view.
Why would you want to do that?
You enter the shallow water.
Moving in this stuff is going to be slow.
You block the swamp worm's attack. The swamp worm bites you.
* * * LOW HITPOINT WARNING * * *
All of the chunks of flesh in your inventory have rotted away.
You slice the swamp worm!! You headbutt the swamp worm!
The swamp worm is almost dead.
You block the swamp worm's attack.
Your unstable footing causes you to fumble your attack.
You block the swamp worm's attack.
You barely miss the swamp worm. Your headbutt misses the swamp worm.
The swamp worm is almost dead.
You block the swamp worm's attack.
Your unstable footing causes you to fumble your attack.
The swamp worm bites you!
You die...

≈≈≈≈≈Pf♣♣§♣P≈≈≈≈.
≈≈≈≈≈P.§....≈≈≈≈≈
♣♣♣♣♣♣≈♣≈..≈≈≈≈≈≈
♣♣♣♣.≈≈≈≈≈≈≈
♣≈≈P.≈≈≈≈
♣♣♣.P≈♣.≈≈
♣≈.≈♣♣♣♣♣♣♣
♣..≈.♣♣≈≈≈♣
♣.≈≈@.≈♣
♣.≈w≈≈..♣
♣.≈≈≈≈≈.≈≈≈≈
♣.≈..≈..≈≈≈≈
♣≈≈......≈≈≈
..#.#.#..≈≈≈
♣...# ##..≈≈≈
≈≈≈≈ .....


You could see a swamp worm.

Vanquished Creatures
  9 hydras
  The ghost of coier the Eclecticist, a journeyman DEFE of Vehumet (D:11)
  A ghost crab (Swamp:2)
  5 two-headed ogres
  3 alligators
  The ghost of harcile the Carver, a novice MiFi of Trog (D:6)
  A spriggan (Swamp:1)
  Nergalle (Lair:2)
  A spriggan druid (Swamp:4)
  2 swamp dragons
  2 elephants (Lair:1)
  A spectral centaur (D:11)
  A black mamba (Lair:2)
  A gargoyle (D:12)
  3 centaur skeletons
  9 spiny frogs
  2 rime drakes
  3 komodo dragons
  A troll (D:9)
  Grinder (D:3)
  2 tyrant leeches
  2 hornets
  3 bog bodies (Swamp:1)
  4 blink frogs (Lair:1)
  9 hippogriffs
  5 slime creatures (Swamp:2)
  3 shadows
  A wyvern (D:6)
  2 basilisks
  4 yaks
  4 hungry ghosts
  16 vampire mosquitoes
  10 swamp worms
  5 insubstantial wisps (Swamp:4)
  2 soldier ants (D:8)
  4 water moccasins
  10 porcupines
  Duvessa (D:7)
  Purgy (Sewer)
  6 orc warriors
  2 sky beasts (D:8)
  7 swamp drakes
  The ghost of ig87 the Skirmisher, an amateur NaFi (D:3)
  2 ogres
  9 centaurs
  2 phantoms
  2 crocodiles
  A big kobold (D:9)
  8 bullfrogs
  A wyvern skeleton (D:7)
  4 scorpions
  Dowan (D:7)
  5 wights
  4 howler monkeys
  4 electric eels
  7 crimson imps
  3 bullfrog zombies
  2 centaur zombies
  Crazy Yiuf (D:3)
  4 hounds
  2 jellies
  11 orc priests
  2 bullfrog skeletons
  16 orc wizards
  An iguana (D:7)
  9 worker ants
  Natasha (thrice) (D:3)
  A hound skeleton (D:10)
  2 hound zombies
  A worker ant zombie (D:11)
  Robin (D:2)
  A howler monkey skeleton (D:4)
  7 gnolls
  5 adders
  2 shadow imps
  2 oozes
  An adder skeleton (D:8)
  3 worms
  A dart slug (D:1)
  10 leopard geckos
  44 orcs
  4 bats
  8 giant cockroaches
  2 gnoll zombies (D:3)
  13 goblins
  20 hobgoblins
  7 jackals
  13 kobolds
  4 quokkas
  4 frilled lizards
  2 leopard gecko skeletons
  A leopard gecko zombie (D:5)
  A quokka skeleton (D:5)
  8 rats
  4 briar patches (Swamp:3)
  2 fungi (D:11)
  8 plants
439 creatures vanquished.

Vanquished Creatures (collateral kills)
  A bog body (Swamp:4)
  2 vampire mosquitoes (Swamp:4)
  A swamp worm (Swamp:4)
4 creatures vanquished.

Vanquished Creatures (others)
  A tyrant leech (Swamp:2)
  4 briar patches (Swamp:3)
  13 fungi
  3 plants
21 creatures vanquished.

Grand Total: 464 creatures vanquished

Notes
Turn   | Place    | Note
-------+----------+-------------------------------------------
     0 | D:1      | LarsimusPrime the Minotaur Berserker began the quest for the Orb.
     0 | D:1      | Reached XP level 1. HP: 19/19 MP: 0/0
   225 | D:1      | Reached XP level 2. HP: 22/27 MP: 1/1
   317 | D:1      | Reached skill level 4 in Axes
   739 | D:2      | Found a faded altar of an unknown god.
   755 | D:2      | Reached XP level 3. HP: 25/33 MP: 2/2
   873 | D:2      | Reached ** piety under Trog
   896 | D:2      | Reached XP level 4. HP: 9/41 MP: 3/3
  1357 | D:2      | Noticed Robin
  1370 | D:2      | Reached skill level 5 in Axes
  1384 | D:2      | Killed Robin
  1627 | D:3      | Noticed Natasha
  1635 | D:3      | Killed Natasha
  1635 | D:3      | Reached XP level 5. HP: 34/47 MP: 4/4
  1789 | D:3      | Noticed Natasha
  1798 | D:3      | Killed Natasha
  1824 | D:3      | Reached *** piety under Trog
  1925 | D:3      | Found a runed door.
  1929 | D:3      | Noticed Crazy Yiuf
  1933 | D:3      | Killed Crazy Yiuf
  2007 | D:3      | Noticed Natasha
  2007 | D:3      | Noticed Grinder
  2022 | D:3      | Killed Natasha
  2022 | D:3      | Reached skill level 5 in Fighting
  2028 | D:3      | Paralysed by Grinder for 3 turns
  2030 | D:3      | HP: 1/48 [Grinder (3)]
  2032 | D:3      | Killed Grinder
  2032 | D:3      | Reached skill level 6 in Axes
  2032 | D:3      | Reached XP level 6. HP: 1/56 MP: 5/5
  2308 | D:3      | Found a basalt altar of Yredelemnul.
  2351 | D:3      | Noticed ig87's ghost (amateur NaFi)
  2358 | D:3      | Killed ig87's ghost
  2358 | D:3      | Reached skill level 7 in Axes
  2358 | D:3      | Reached XP level 7. HP: 61/61 MP: 6/6
  2567 | D:3      | Found a snail-covered altar of Cheibriados.
  2673 | D:4      | Reached skill level 1 in Long Blades
  2697 | D:4      | Reached skill level 1 in Shields
  3175 | D:4      | Reached skill level 8 in Axes
  3537 | D:5      | Entered Level 5 of the Dungeon
  3578 | D:5      | Reached skill level 5 in Armour
  3675 | D:5      | Reached XP level 8. HP: 61/70 MP: 7/7
  3835 | D:5      | Received a gift from Trog
  3853 | D:5      | Reached skill level 9 in Axes
  4092 | D:5      | Found a glowing drain.
  4097 | Sewer    | Entered a sewer
  4211 | Sewer    | Noticed Purgy
  4215 | Sewer    | Killed Purgy
  4385 | D:6      | Reached **** piety under Trog
  4813 | D:6      | Reached skill level 10 in Axes
  5014 | D:6      | Noticed harcile's ghost (novice MiFi)
  5031 | D:6      | Killed harcile's ghost
  5031 | D:6      | Reached XP level 9. HP: 49/79 MP: 8/8
  5234 | D:6      | Found a staircase to the Ecumenical Temple.
  5370 | D:6      | Reached skill level 11 in Axes
  5470 | D:6      | Received a gift from Trog
  5728 | D:7      | Noticed Dowan
  5732 | D:7      | Noticed Duvessa
  5734 | D:7      | Killed Dowan
  5749 | D:7      | Killed Duvessa
  6086 | D:7      | Found a deep blue altar of Sif Muna.
  6772 | D:8      | Noticed a two-headed ogre
  6821 | D:7      | Reached skill level 12 in Axes
  7157 | D:8      | Killed a two-headed ogre
  7157 | D:8      | Reached XP level 10. HP: 90/90 MP: 9/9
  7195 | D:8      | Reached ***** piety under Trog
  7440 | D:8      | Found a shattered altar of Ashenzari.
  7442 | D:8      | Found a white marble altar of Elyvilon.
  7444 | D:8      | Found a glowing silver altar of Zin.
  7466 | D:8      | Found a blossoming altar of Fedhas.
  7469 | D:8      | Found a sacrificial altar of Ru.
  7517 | D:8      | Found an opulent altar of Gozag.
  8012 | D:9      | Found Vaenikho's Jewellery Boutique.
  8045 | D:9      | Bought an uncursed amulet of the gourmand for 480 gold pieces
  8149 | D:9      | Reached skill level 13 in Axes
  8157 | D:9      | Received a gift from Trog
  8736 | D:9      | Noticed a two-headed ogre
  8740 | D:9      | Killed a two-headed ogre
  8740 | D:9      | Reached skill level 10 in Armour
  9019 | D:10     | Entered Level 10 of the Dungeon
  9022 | D:10     | Found a staircase to the Orcish Mines.
  9028 | D:10     | Reached XP level 11. HP: 99/99 MP: 10/10
  9052 | D:10     | Found a roughly hewn altar of Beogh.
  9232 | D:10     | Noticed a two-headed ogre
  9237 | D:10     | Killed a two-headed ogre
  9237 | D:10     | Reached skill level 10 in Fighting
  9297 | D:10     | Reached skill level 14 in Axes
  9460 | D:10     | Got a fine war axe
  9461 | D:10     | Identified the +9 war axe of Tortfeasance {pain, rElec MR+ SInv} (You found it on level 10 of the Dungeon)
  9839 | D:11     | Found a staircase to the Lair.
  9850 | D:11     | Noticed coier's ghost (journeyman DEFE)
  9865 | D:11     | Killed coier's ghost
 10067 | D:11     | Reached skill level 5 in Shields
 10414 | D:11     | Reached skill level 15 in Axes
 10647 | D:12     | Got a warped ivory ring
 10653 | D:12     | Identified the cursed ring "Hasteonn" {rF- Str+9 Dex-3} (You found it on level 12 of the Dungeon)
 10661 | D:12     | Noticed a two-headed ogre
 10670 | D:12     | Killed a two-headed ogre
 10857 | D:12     | Noticed a four-headed hydra
 10867 | D:12     | Killed an eight-headed hydra
 11008 | D:12     | Noticed a two-headed ogre
 11012 | D:12     | Killed a two-headed ogre
 11036 | D:12     | Got a fine chain mail
 11047 | D:12     | Identified the +6 chain mail "Weuwnor" {rC+} (You found it on level 12 of the Dungeon)
 11141 | D:12     | Reached skill level 1 in Throwing
 11337 | D:12     | Reached XP level 12. HP: 80/110 MP: 11/11
 11446 | D:11     | Identified 2 scrolls of acquirement
 11759 | Lair:1   | Entered Level 1 of the Lair of Beasts
 11853 | Lair:1   | Received a gift from Trog
 12035 | Lair:1   | Found a glowing golden altar of the Shining One.
 12939 | Lair:2   | Noticed Nergalle
 12949 | Lair:2   | Killed Nergalle
 12955 | Lair:2   | Found a staircase to the Swamp.
 13171 | Lair:2   | Reached skill level 16 in Axes
 13199 | Lair:2   | Noticed a seven-headed hydra
 13428 | Lair:2   | Killed a four-headed hydra
 13751 | Lair:2   | Reached skill level 5 in Dodging
 13853 | Lair:2   | Noticed a seven-headed hydra
 13860 | Lair:2   | Killed a four-headed hydra
 14038 | Swamp:1  | Entered Level 1 of the Swamp
 14158 | Swamp:1  | Got a brightly glowing steel ring
 14160 | Swamp:1  | Identified the ring of Zehuitod {Dex+6 Slay+2} (You found it on level 1 of the Swamp)
 14166 | Swamp:1  | Gained mutation: You have a pair of large horns on your head. [potion of mutation]
 14166 | Swamp:1  | Gained mutation: You evolve. [potion of mutation]
 14186 | Swamp:1  | Noticed a four-headed hydra
 14198 | Swamp:1  | Killed a nine-headed hydra
 14425 | Swamp:1  | Noticed a five-headed hydra
 14434 | Swamp:1  | Killed a three-headed hydra
 14438 | Swamp:1  | Reached skill level 5 in Throwing
 14447 | Swamp:1  | Reached XP level 13. HP: 118/118 MP: 8/12
 14783 | Swamp:1  | Received a gift from Trog
 15414 | Swamp:2  | Reached skill level 10 in Shields
 16225 | Swamp:2  | Received a gift from Trog
 16275 | Swamp:3  | Noticed Azo's ghost (adept SpEE)
 16310 | Swamp:3  | Noticed a thorn hunter
 16370 | Swamp:4  | Entered Level 4 of the Swamp
 16647 | Swamp:3  | Slain by a swamp worm

Skill      XL: |  1  2  3  4  5  6  7  8  9 10 11 12 13 |
---------------+----------------------------------------+-----
Fighting       | 4 5 6 7 8 9 11 12 | 12.8
Axes           | 4 5 6 7 8 10 12 13 15 16 | 16.5
Armour         | 3 4 5 7 8 10 11 12 | 12.8
Dodging        | 3 4 5 6 |  6.0
Long Blades    | 1 |  1.0
Shields        | 1 3 4 5 8 11 | 11.0
Throwing       | 1 5 6 |  6.3
Stealth        | |  0.1

Action                   |  1- 3 |  4- 6 |  7- 9 | 10-12 | 13-15 || total
-------------------------+-------+-------+-------+-------+-------++-------
Melee: Hand axe          |    63 |    93 |   181 |       |       ||   337
       Headbutt          |    10 |    13 |    73 |   120 |    58 ||   274
       Great sword       |       |     5 |       |       |       ||     5
       War axe           |       |       |   177 |   349 |   204 ||   730
       Battleaxe         |       |       |       |   140 |       ||   140
Throw: Javelin           |       |       |       |     9 |       ||     9
Invok: Berserk           |       |     4 |     7 |     6 |     1 ||    18
       Trog's Hand       |       |     1 |     1 |     1 |     2 ||     5
       Burn Spellbooks   |       |       |       |     1 |     1 ||     2
       Brothers in Arms  |       |       |       |     1 |     1 ||     2
Evoke: Box of beasts     |       |       |       |     1 |       ||     1
  Use: Scroll            |       |       |    13 |    10 |     5 ||    28
       Potion            |       |       |     7 |     1 |     5 ||    13
  Eat: Chunk             |       |     6 |    20 |    58 |     9 ||    93
       Fruit             |       |       |     3 |       |       ||     3
       Bread ration      |       |       |     1 |     1 |       ||     2
Armor: Animal skin       |     2 |       |       |       |       ||     2
       Ring mail         |    17 |    11 |       |       |       ||    28
       Chain mail        |       |     8 |    45 |    91 |    80 ||   224
       Leather armour    |       |     4 |     3 |       |       ||     7
       Plate armour      |       |       |    74 |   187 |       ||   261
Dodge: Dodged            |    48 |    47 |   117 |   158 |    49 ||   419
Block: Buckler           |       |     6 |    59 |    44 |       ||   109
       Large shield      |       |       |       |   159 |   234 ||   393
